 Dungeon Crawl Stone Soup version 0.32-a0-712-g515539a (webtiles) character file.

Game seed: 1401830892750760957

2851 PidgeyThePirate the Skirmisher (level 9, 0/65 (69) HPs)
             Began as a Coglin Hunter on Mar 15, 2024.
             Was a Follower of Okawaru.
             Slain by a spectral orc knight
             ... wielding a +0 halberd
             ... summoned by Nergalle
              (15 damage)
             ... on level 10 of the Dungeon.
             The game lasted 00:09:59 (5615 turns).

PidgeyThePirate the Skirmisher (Coglin Hunter)      Turns: 5615, Time: 00:10:00

HP:   0/65 (69)     AC:  5    Str: 16    XL:     9   Next: 74%
MP:   9/9           EV: 11    Int:  8    God:    Okawaru [*.....]
Gold: 396           SH:  0    Dex: 18    Spells: 8/8 levels left

rFire   . . .        a - +3 sling {Chang}
rCold   . . .        d - +0 sling {Xiuhtonal}
rNeg    + . .        i - +1 leather armour of the Trilobite {rN+ SInv Stlth+}
rPois   .            (no helmet)
rElec   .            (no cloak)
rCorr   .            u - +0 pair of gloves
SInv    +            (no boots)
Will    .....        (amulet unavailable)
Stlth   +++          (ring unavailable)
HPRegen 0.30/turn    (ring unavailable)
MPRegen 0.11/turn    (no gizmo)

%: no passive effects
@: mighty, studying Shapeshifting, drained
A: off-hand wielding, slow wielding, warmup strikes, no jewellery
a: Invent Gizmo, Renounce Religion, Heroism


You were on level 10 of the Dungeon.
You worshipped Okawaru.
Okawaru was aware of your devotion.
You visited 2 branches of the dungeon, and saw 9 of its levels.

You collected 396 gold pieces.

Inventory:

Hand Weapons
 a - a +3 sling (weapon) {Chang}
 d - a +0 sling (offhand) {Xiuhtonal}
Armour
 c - a +0 leather armour
 i - the +1 leather armour of the Trilobite (worn) {rN+ SInv Stlth+}
   (You found it on level 2 of the Dungeon)

   rN+:       It protects you from negative energy.
   SInv:      It lets you see invisible.
   Stlth+:    It makes you more stealthy.
 u - a +0 pair of gloves (worn)
Wands
 b - a wand of paralysis (11)
 x - a wand of warping (5)
 y - a wand of flame (8)
Scrolls
 e - 4 scrolls of enchant weapon
 f - a scroll of amnesia {unknown}
 j - 10 scrolls of identify {unknown}
 k - 3 scrolls of enchant armour {unknown}
 m - a scroll of poison {unknown}
 q - a scroll of brand weapon {unknown}
 r - 5 scrolls of teleportation {unknown}
 s - 3 scrolls of vulnerability {unknown}
 t - a scroll of torment {unknown}
 v - 2 scrolls of acquirement {unknown}
 C - a scroll of silence {unknown}
 D - a scroll of immolation {unknown}
Potions
 g - a potion of berserk rage {unknown}
 h - 3 potions of curing {unknown}
 l - 2 potions of might
 n - 3 potions of lignification
 o - a potion of magic {unknown}
 p - a potion of mutation {unknown}
 z - a potion of attraction {unknown}
 A - a potion of degeneration {unknown}
 B - a potion of brilliance {unknown}
Miscellaneous
 w - a phantom mirror


   Skills:
 + Level 6.2 Fighting
 + Level 10.8 Ranged Weapons
 + Level 2.3 Armour
 + Level 2.5 Dodging
 + Level 1.1 Stealth


You had 8 spell levels left.
You didn't know any spells.
Your spell library contained the following spells:

 Spells                   Type           Power      Damage    Failure   Level
 Apportation              Tloc           0%         N/A       45%         1
 Necrotise                Necr           0%         1d4       45%         1
 Sting                    Conj/Alch      0%         1d3       45%         1
 Cigotuvi's Dreadful Rot  Necr/Alch/Air  0%         N/A       61%         2
 Dispel Undead            Necr           0%         3d6       99%         4
 Death's Door             Necr           0%         N/A       100%        9
 Summon Small Mammal      Summ           Unusable   N/A       N/A         1
 Animate Armour           Summ/Erth      Unusable   N/A       N/A         4
 Martyr's Knell           Necr/Summ      Unusable   N/A       N/A         4
 Spellforged Servitor     Conj/Summ      Unusable   N/A       N/A         7

Dungeon Overview and Level Annotations

Branches:
Dungeon (7/15)             Temple (1/1) D:6

Altars:
Cheibriados
Dithmenos
Elyvilon
Gozag
Hepliaklqana
Nemelex Xobeh
Okawaru
Qazlal
Trog
Uskayaw
Vehumet
Wu Jian
Xom
Yredelemnul
The Shining One

Shops:
D:5 ?

Annotations:
D:10 Nergalle


Innate Abilities, Weirdness & Mutations

You can wield a second weapon in your off-hand.
It takes a long time for you to wield or remove held weapons.
Your first few attacks do less damage.
You cannot equip rings or amulets.


Message History

Okawaru accepts your kill.
Nergalle says, "You'll be just another bloodstain on the stones of this place."
You shoot a sling bullet. The sling bullet hits the orc wizard.
The orc wizard is lightly wounded.
You shoot a sling bullet. The sling bullet hits the orc wizard.
The orc wizard is heavily wounded.
Unknown command.
You shoot a sling bullet. The sling bullet hits the orc wizard.
The orc wizard is heavily wounded.
You shoot a sling bullet.
The sling bullet barely misses the orc wizard.
An orc wizard comes into view.
It is wielding a +2 dagger of protection.
Unknown command.
The orc wizard casts a spell at you. The puff of flame hits you!
Nergalle calls out: "Gorm, Morbeogh, Agrik - to me!"
The long-dead rise up around you.
The spectral orc knight hits you from afar with a +0 halberd!
You partially resist.
You feel drained.
The spectral orc warrior hits you with a +0 trident.
You partially resist.
You feel drained.
The spectral orc warrior closely misses you.
The spectral orc knight attacks as it pursues you!
The spectral orc knight hits you from afar with a +0 halberd!!
* * * LOW HITPOINT WARNING * * *
You partially resist.
You feel drained.
* * * LOW HITPOINT WARNING * * *
Okay, then.
It was a potion of might.
You feel very mighty all of a sudden.
The spectral orc knight barely misses you. x2
The spectral orc warrior barely misses you.
As you read the scroll labelled QEUNEAG XEMIRCH, it crumbles to dust.
It is a scroll of enchant weapon.
Your +2 sling {Chang} glows red for a moment.
The orc closely misses you.
The spectral orc knight barely misses you.
The spectral orc warrior barely misses you.
The spectral orc knight hits you from afar with a +0 halberd!
You die...

#..o....#
###.##### #...#
###o######
#..o....#
#.......#
#.....Z.######..
#.......#.......
#......o@.#
#.....ZZ###
#.......#
#.......#
#...#####
##.#######
#........#
#........#
#........#


You could see Nergalle, a spectral orc warrior (summoned), 2 spectral orc
knights, an orc wizard (invisible) and an orc.

Vanquished Creatures
  Jeremiah (D:7)
  Grinder (D:3)
  Prince Ribbit (D:6)
  Sigmund (D:3)
  2 ice beasts
  A black bear (D:4)
  2 ogres
  4 phantoms
  3 bullfrogs
  A scorpion (D:5)
  2 jellies (D:6)
  4 howler monkeys
  2 bombardier beetles
  3 hounds
  2 gnoll boudas (D:7)
  An orc priest (D:10)
  Jessica (D:3)
  3 sleepcaps
  3 iguanas
  Ijyb (D:5)
  An orc wizard (D:4)
  Terence (D:3)
  7 gnolls
  9 adders
  3 white imps
  2 ufetubi (D:5)
  A ribbon worm (D:3)
  4 dart slugs
  7 orcs
  11 bats
  7 endoplasms
  2 giant cockroaches (D:1)
  9 goblins
  7 hobgoblins
  12 jackals
  5 quokkas
  9 ball pythons
  2 frilled lizards
  10 kobolds
  4 rats
152 creatures vanquished.

Notes
Turn   | Place    | Note
-------+----------+-------------------------------------------
     0 | D:1      | PidgeyThePirate the Coglin Hunter began the quest for the
                  | Orb.
     0 | D:1      | Reached XP level 1. HP: 16/16 MP: 1/1
   119 | D:1      | Reached XP level 2. HP: 22/22 MP: 2/2
   168 | D:1      | Reached skill level 4 in Ranged Weapons
   422 | D:1      | Reached XP level 3. HP: 28/28 MP: 3/3
   701 | D:2      | Identified the +1 leather armour of the Trilobite {rN+ SInv
                  | Stlth+}
   789 | D:2      | Reached XP level 4. HP: 34/34 MP: 4/4
  1325 | D:3      | Noticed Jessica
  1330 | D:3      | Killed Jessica
  1331 | D:3      | Reached skill level 5 in Ranged Weapons
  1331 | D:3      | Reached XP level 5. HP: 35/40 MP: 5/5
  1442 | D:3      | Noticed Terence
  1447 | D:3      | Killed Terence
  1483 | D:3      | Noticed Sigmund
  1488 | D:3      | Killed Sigmund
  1489 | D:3      | Reached skill level 6 in Ranged Weapons
  1489 | D:3      | Reached XP level 6. HP: 47/47 MP: 6/6
  1506 | D:3      | Noticed Grinder
  1515 | D:3      | Killed Grinder
  1516 | D:3      | Reached XP level 7. HP: 26/53 MP: 7/7
  1725 | D:3      | Found a faded altar of an unknown god.
  2010 | D:4      | Reached skill level 1 in Armour
  2196 | D:4      | Reached skill level 7 in Ranged Weapons
  2390 | D:4      | Reached skill level 1 in Stealth
  2516 | D:4      | Found an opulent altar of Gozag.
  2673 | D:4      | Reached XP level 8. HP: 61/61 MP: 8/8
  2833 | D:5      | Entered Level 5 of the Dungeon
  2920 | D:5      | Noticed Ijyb
  2930 | D:5      | Killed Ijyb
  3015 | D:5      | Reached skill level 8 in Ranged Weapons
  3626 | D:5      | Found Rudofagadu's Magic Scroll Shop.
  3955 | D:6      | Reached skill level 9 in Ranged Weapons
  4212 | D:6      | Reached skill level 5 in Fighting
  4229 | D:6      | Reached XP level 9. HP: 28/68 MP: 9/9
  4457 | D:6      | Got the Volume of the Damned and Calling
  4499 | D:6      | Noticed Prince Ribbit
  4513 | D:6      | Killed Prince Ribbit
  4640 | D:6      | Found a shadowy altar of Dithmenos.
  4698 | D:6      | Reached skill level 10 in Ranged Weapons
  4927 | D:6      | Found a staircase to the Ecumenical Temple.
  4947 | Temple   | Entered the Ecumenical Temple
  4972 | Temple   | Became a worshipper of Warmaster Okawaru
  5409 | D:7      | Noticed Jeremiah
  5435 | D:7      | Killed Jeremiah
  5435 | D:7      | Reached * piety under Okawaru
  5567 | D:7      | You fall into a shaft and drop 3 floors!
  5567 | D:10     | Entered Level 10 of the Dungeon
  5599 | D:10     | Noticed Nergalle
  5615 | D:10     | Slain by a spectral orc knight

Illustrated notes

Levels and vault maps discovered:
D:1:      erik_arrival_blinker_ship, layout_loops_ring
D:2:      layout_basic, minmay_indecisive_spiral
D:3:      layout_loops_ring, hellmonk_ecumenical_altar_inner_sanctum,
          uniq_grinder, uniq_sigmund, uniq_terence, uniq_jessica
D:4:      minmay_clustersquares, layout_rooms, mainiacjoe_overflow_boulevard,
          nicolae_overflow_hidden_temple
D:5:      layout_loops_corners, serial_shops, shop, uniq_ijyb
D:6:      layout_loops_ring, mainiacjoe_overflow_24_doors,
          minmay_temple_entry_waves, uniq_prince_ribbit1
D:7:      layout_gridville, nicolae_zen_rock_garden, minmay_misc_feat_roman,
          serial_library_hellmonk_angled_corner, nicolae_twisty_statue_hallways,
          uniq_jeremiah, uniq_menkaure
D:10:     layout_roguey, pf_just_have_faith, zin_academy,
          nicolae_ru_the_path_less_chosen, uniq_nergalle
Temple:   nicolae_temple_god_jail

Skill      XL: |  1  2  3  4  5  6  7  8  9 |
---------------+----------------------------+-----
Ranged Weapons | 4 5 6 7 9 10 | 10.8
Fighting       | 3 4 5 6 |  6.2
Dodging        | 2 |  2.5
Armour         | 1 2 |  2.3
Stealth        | 1 |  1.1

Action                     |  1- 3 |  4- 6 |  7- 9 || total
---------------------------+-------+-------+-------++-------
   Fire: Sling             |   150 |   162 |   698 ||  1010
    Use: Scroll            |       |       |     2 ||     2
         Potion            |       |       |     4 ||     4
 Armour: Leather armour    |     5 |    14 |   103 ||   122
         Skin              |       |       |    11 ||    11
  Dodge: Dodged            |    12 |     9 |    68 ||    89

Table legend: (Time is in decaauts)
 A = Elapsed time spent in this place.
 B = Non-inter-level travel time spent in this place.
 C = Inter-level travel time spent in this place.
 D = Time resting spent in this place.
 E = Time spent auto-exploring this place.
 F = Levels seen in this place.
 G = Mean time per level.
                   A        B        C        D        E       F      G
               +--------+--------+--------+--------+--------+-----+--------+
         Total |   5645 |   5451 |    194 |      0 |   4403 |   9 |  627.2 |
       Dungeon |   5596 |   5402 |    194 |      0 |   4403 |   8 |  699.5 |
        Temple |     48 |     48 |      0 |      0 |      0 |   1 |   48.0 |
               +--------+--------+--------+--------+--------+-----+--------+

Top non-repeatable levels by time:
     D:6: 1224 daAuts
     D:5: 1112 daAuts
     D:3: 902 daAuts
     D:4: 765 daAuts
     D:1: 623 daAuts
     D:2: 583 daAuts
     D:7: 338 daAuts
  Temple: 48 daAuts
    D:10: 47 daAuts
